 Dungeon Crawl Stone Soup version 0.19.0-2-gae57169 (webtiles) character file.

227 Gingerlord the Skirmisher (level 6, -1/47 HPs)
             Began as a Human Wanderer on Nov 7, 2016.
             Killed by divine providence
             ... invoked by an orc priest
              (16 damage)
             ... on level 3 of the Dungeon.
             The game lasted 00:08:08 (4222 turns).

Gingerlord the Skirmisher (Human Wanderer)          Turns: 4222, Time: 00:08:09

Health: -1/47      AC:  6    Str: 14    XL:     6   Next: 22%
Magic:  6/6        EV:  6    Int: 11    God:
Gold:   178        SH:  7    Dex: 14    Spells: 0 memorised, 5 levels left

rFire  . . .     SeeInvis .     p - +0 war axe
rCold  . . .     Gourm    .     q - +0 scale mail
rNeg   . . .     Faith    +     n - +0 shield
rPois  .         Spirit   .     (no helmet)
rElec  .         Reflect  .     (no cloak)
rCorr  .         Harm     .     (no gloves)
MR     .....                    (no boots)
Stlth  ..........               e - amulet of faith
                                (no ring)
                                (no ring)

@: heavily drained
A: mutation resistance 1
a: no special abilities


You were on level 3 of the Dungeon.
You were very hungry.

You visited 1 branch of the dungeon, and saw 3 of its levels.

You collected 178 gold pieces.

Inventory:

Hand Weapons
 p - a +0 war axe (weapon)
Armour
 c - a +0 chain mail
 n - a +0 shield (worn)
 q - a +0 scale mail (worn)
Jewellery
 e - an amulet of faith (around neck)
Scrolls
 a - a scroll of enchant armour {unknown}
 d - 3 scrolls of random uselessness {unknown}
 j - a scroll of amnesia {unknown}
 k - 3 scrolls of identify
 l - a scroll of recharging
 m - a scroll of remove curse {unknown}
 o - a scroll of fear {unknown}
Potions
 g - 3 potions of magic
Comestibles
 b - a beef jerky
 f - 2 bread rations
 i - 3 meat rations


   Skills:
 + Level 3.4(1.7) Fighting
 + Level 1.9(0.7) Axes
   Level 2.0(0.7) Maces & Flails
 + Level 2.6(0.9) Armour
 + Level 2.8(1.1) Dodging
 - Level 1.0(0.0) Stealth
 + Level 1.9(0.3) Shields
   Level 1.0(0.0) Hexes
   Level 2.0(0.4) Summonings


You had 5 spell levels left.
You didn't know any spells.

Dungeon Overview and Level Annotations

Branches:
Dungeon (3/15)

Altars:
Qazlal


Innate Abilities, Weirdness & Mutations

You are somewhat resistant to further mutation.


Message History

The orc is lightly wounded.
The orc completely misses you. You block the orc's attack.
You closely miss the orc.
The orc is lightly wounded.
You block the orc's attack.
You closely miss the orc.
The orc is lightly wounded.
You block the orc's attack.
The orc priest calls down the wrath of Beogh upon you.
Beogh smites you! The orc hits you with a whip.
The orc priest calls down the wrath of Beogh upon you.
Beogh smites you!
The orc priest mumbles some strange prayers to Beogh against you.
Beogh smites you!
* * * LOW HITPOINT WARNING * * *
You see here an uncursed amulet of harm.
The orc priest miscasts a cantrip.
The orc priest invokes the aid of Beogh against you.
Beogh smites you!
You die...

##### #.# #..o..#o#
....# #(## #o#...#o#
###.# #(.#
#.#####.######
###.#####(# #.#
#.......# .........(#
#o# #....##.#
#...####..###.####o##.#
(.#.# #.........o.##.#
#(..####..[######.###.#
................@.# #.#
##.#####....#####.# #.#
##.#####..#.#####.###.#
....[.....#...........#
##...###.##.#####.#####
.........##.# #.#
####.##..##.# #.#
####.##..##.# #.#
......>.....#####.#


You could see an orc priest and 2 orcs.

Vanquished Creatures
  An orc priest (D:3)
  An orc wizard (D:3)
  Terence (D:3)
  3 gnolls (D:2)
  3 adders (D:2)
  2 oozes
  3 worms
  A dart slug (D:1)
  A leopard gecko (D:1)
  8 orcs
  A ball python (D:2)
  4 giant cockroaches
  7 goblins
  4 hobgoblins
  4 jackals (D:1)
  2 quokkas
  5 bats
  2 frilled lizards
  3 kobolds
  3 rats
59 creatures vanquished.

Vanquished Creatures (others)
  A giant cockroach (D:2)
  A goblin (D:1)
  A frilled lizard (D:1)
  A rat (D:1)
4 creatures vanquished.

Grand Total: 63 creatures vanquished

Notes
Turn   | Place    | Note
-------+----------+-------------------------------------------
     0 | D:1      | Gingerlord the Human Wanderer began the quest for the Orb.
     0 | D:1      | Gingerlord set off with: a +2 dagger, a scroll of blinking, a +0 ring mail, a potion of lignification, a bread ration
     0 | D:1      | Reached XP level 1. HP: 16/16 MP: 1/1
    54 | D:1      | Reached XP level 2. HP: 17/22 MP: 2/2
    71 | D:1      | Reached skill level 1 in Dodging
   678 | D:1      | Reached XP level 3. HP: 28/28 MP: 3/3
  1384 | D:2      | Found a stormy altar of Qazlal.
  1487 | D:2      | Reached skill level 1 in Axes
  1785 | D:2      | Reached XP level 4. HP: 11/34 MP: 4/4
  2370 | D:2      | Gained mutation: You are somewhat resistant to further mutation. [potion of beneficial mutation]
  3139 | D:2      | Reached skill level 3 in Fighting
  3152 | D:2      | Reached XP level 5. HP: 11/41 MP: 5/5
  3685 | D:3      | Noticed Terence
  3699 | D:3      | Killed Terence
  3699 | D:3      | Reached XP level 6. HP: 14/47 MP: 6/6
  4222 | D:3      | Killed from afar by an orc priest

Skill      XL: |  1  2  3  4 |
---------------+-------------+-----
Dodging        | 1 2 |  2.8
Axes           | 1 |  1.9
Armour         | 2 |  2.6
Fighting       | 3 |  3.4
Maces & Flails | |  2.0
Stealth        | |  1.0
Shields        | |  1.9
Hexes          | |  1.0
Summonings     | |  2.0

Action                   |  1- 3 |  4- 6 || total
-------------------------+-------+-------++-------
Melee: Dagger            |    15 |       ||    15
       Hand axe          |    98 |    62 ||   160
       War axe           |       |   123 ||   123
  Use: Potion            |     5 |     3 ||     8
       Scroll            |     2 |     3 ||     5
  Eat: Bread ration      |     1 |     1 ||     2
       Chunk             |     1 |       ||     1
Armor: Ring mail         |    37 |     5 ||    42
       Skin              |    19 |       ||    19
       Scale mail        |       |    69 ||    69
Dodge: Dodged            |    66 |   103 ||   169
Block: Shield            |       |    90 ||    90
